 Dungeon Crawl Stone Soup version 0.27-a0-1217-g8a41f320e8 (webtiles) character file.

Game seed: 15706650480467069244

23 bande the Covered (level 3, 20/20 HPs)
             Began as a Gargoyle Fighter on June 6, 2021.
             Quit the game on level 2 of the Dungeon.
             The game lasted 00:01:17 (1373 turns).

bande the Covered (Gargoyle Fighter)                Turns: 1373, Time: 00:01:18

Health: 20/20      AC: 10    Str: 19    XL:     3   Next: 0%
Magic:  3/3        EV:  7    Int:  8    God:
Gold:   8          SH:  9    Dex: 10    Spells: 2/2 levels left

rFire    + . .     SeeInvis .   a - +0 war axe
rCold    . . .     Faith    .   c - +0 kite shield
rNeg     + . .     Spirit   .   b - +0 scale mail
rPois    ∞         Reflect  .   (helmet restricted)
rElec    +         Harm     .   (no cloak)
rCorr    .         Rampage  .   (no gloves)
Will     .....                  (no boots)
Stlth    ..........             (no amulet)
HPRegen  0.06/turn              (no ring)
MPRegen  0.08/turn              (no ring)

@: no status effects
A: sickness immunity, AC +3, negative energy resistance 1, electricity
resistance, torment resistance 1, petrification resistance, beak, fire
resistance 1, frail 1
a: no special abilities


You were on level 2 of the Dungeon.
You visited 1 branch of the dungeon, and saw 2 of its levels.

You collected 8 gold pieces.

Inventory:

Hand Weapons
 a - a +0 war axe (weapon)
Armour
 b - a +0 scale mail (worn)
 c - a +0 kite shield (worn)
Jewellery
 i - an amulet of regeneration
Potions
 d - a potion of might


   Skills:
 + Level 3.6 Fighting
 + Level 2.1 Axes
 + Level 3.7 Armour
 + Level 3.4 Shields


You had 2 spell levels left.
You didn't know any spells.
Your spell library was empty.

Dungeon Overview and Level Annotations

Branches:
Dungeon (2/15)

Altars:


Innate Abilities, Weirdness & Mutations

You are immune to sickness and miasma.
Your stone body is resilient. (AC +3)
You are immune to poison.
You resist negative energy. (rN+)
You are resistant to electric shocks. (rElec)
You are resistant to unholy torment.
You are immune to petrification.
You have a beak for a mouth.
Your flesh is heat resistant. (rF+)
You are frail. (-10% HP)


Message History

No target in view!
No target in view!
No target in view!
No target in view!
You see here a frilled lizard corpse.
You see here a +0 short sword.
Found a stone staircase leading down.
There is a stone staircase leading down here.
A worm comes into view.
You barely miss the worm. You block the worm's attack.
You slash the worm!
The worm is moderately wounded.
You block the worm's attack.
You hit the worm.
The worm is heavily wounded.
The worm bites you but does no damage.
You hit the worm.
The worm is severely wounded.
The worm bites you.
You barely miss the worm.
The worm is heavily wounded.
Your shield prevents you from hitting the worm.
The worm is heavily wounded.
The worm bites you but does no damage.
You hit the worm.
The worm is almost dead.
You block the worm's attack.
You slash the worm!
You kill the worm!
You have reached level 3!
Your experience leads to an increase in your attributes!
Increase (S)trength, (I)ntelligence, or (D)exterity?
You feel agile.
It was a potion of mutation.
You feel extremely strange.
You feel frail.
Your mouth lengthens and hardens into a beak!
You feel resistant to heat.
It was a potion of heal wounds.
You feel much better.
It was a potion of curing.
You feel better.
Are you sure you want to abandon this character and quit the game? (Confirm with "yes".)

*************,,**,,,,,,,,≈≈≈,,,,,
*,.#*,,,,,,,,,⌠,,,***
*,..*,,,,,,,,,,,,,,,*
*,#.***+*****,,,,,,,, *,#.* *,*
***,,,,,, #,#.##*.# ***,**,
#.#..##.####*****,**,
#...†.......,,,,,,**,
***#@##.#******,,,,,, #..#.#
*,***,, ##.#.# *,* *,, #...# *,*
*,, ##..### *,* *,, #..>..# *,*
*,, #####.#####.# *,, #........#
*,* #..####### *,,


There were no monsters in sight!

Vanquished Creatures
  A worm (D:2)
  2 bats (D:1)
  An endoplasm (D:1)
  2 goblins (D:1)
  A hobgoblin (D:1)
  3 jackals (D:1)
  2 kobolds (D:1)
  4 ball pythons (D:1)
  A frilled lizard (D:2)
  A rat (D:1)
18 creatures vanquished.

Notes
Turn   | Place    | Note
-------+----------+-------------------------------------------
     0 | D:1      | bande the Gargoyle Fighter began the quest for the Orb.
     0 | D:1      | Reached XP level 1. HP: 14/14 MP: 1/1
   216 | D:1      | Reached XP level 2. HP: 17/19 MP: 2/2
  1370 | D:2      | Reached XP level 3. HP: 22/23 MP: 3/3
  1370 | D:2      | Gained mutation: You are frail. (-10% HP) [potion of
                  | mutation]
  1370 | D:2      | Gained mutation: You have a beak for a mouth. [potion of
                  | mutation]
  1370 | D:2      | Gained mutation: Your flesh is heat resistant. (rF+)
                  | [potion of mutation]
  1373 | D:2      | Quit the game

Illustrated notes

Levels and vault maps discovered:
D:1:      evilmike_arrival_hilbert_curve, layout_basic
D:2:      layout_basic, chequers_serial_rivers_micro_c, minivault_25,
          serial_park_tiny_pond, minmay_strange_pillars

Skill      XL: |  1  2 |
---------------+-------+-----
Axes           | 2 |  2.1
Fighting       | |  3.6
Armour         | |  3.7
Shields        | |  3.4

Action                   || total
-------------------------++-------
Melee: War axe           ||    57
  Use: Scroll            ||     2
       Potion            ||     3
Armor: Scale mail        ||    31
Dodge: Dodged            ||    18
Block: Kite shield       ||    43

Table legend: (Time is in decaauts)
 A = Elapsed time spent in this place.
 B = Non-inter-level travel time spent in this place.
 C = Inter-level travel time spent in this place.
 D = Time resting spent in this place.
 E = Time spent auto-exploring this place.
 F = Levels seen in this place.
 G = Mean time per level.
                   A        B        C        D        E       F      G
               +--------+--------+--------+--------+--------+-----+--------+
         Total |   1409 |   1336 |     73 |      0 |   1161 |   2 |  704.5 |
       Dungeon |   1409 |   1336 |     73 |      0 |   1161 |   2 |  704.5 |
               +--------+--------+--------+--------+--------+-----+--------+

Top non-repeatable levels by time:
     D:1: 1324 daAuts
     D:2: 85 daAuts
